Map: Arctic Dream LE

Players

Thor - Winner!

  • Race: Zerg Zerg
  • League: Gold
  • Spawn Location: 5:00

Alex - Winner!

  • Race: Protoss Protoss
  • League: Platinum
  • Spawn Location: 6:00

qqq

  • Race: Zerg Zerg
  • Spawn Location: 12:00

Massa

  • Race: Terran Terran
  • League: Platinum
  • Spawn Location: 11:00

VOD

Have the link to the VOD?

Description

Time

  • Played on: Nov. 4, 2020, 3:36 p.m.
  • Length: 4:44
Show
View Real Time Build Order
Export as new Build Order

Thor Zerg - Winner!

Build Orders: Pool First 

Get SALT Encoding   

  12  0:01  Drone  
  13  0:12  Drone  
  14  0:27  Overlord  
  14  0:39  Spawning Pool  
  14  0:40  Drone  
  14  0:53  Drone x3  
  14  0:54  Extractor  
  16  1:05  Drone  
  17  1:20  Hatchery  
  17  1:25  Drone  
  17  1:29  Drone  
  18  1:39  Queen  
  20  1:50  Zergling x4  
  22  2:02  Metabolic Boost  
  22  2:05  Overlord  
  22  2:24  Zergling x4  
  24  2:39  Zergling x2  
  24  2:41  Zergling x2  
  26  2:44  Zergling x2  
  26  2:48  Overlord  
  27  2:52  Baneling Nest  
  26  3:04  Zergling x2  
  26  3:05  Zergling x6  
  30  3:17  Zergling x2  
  31  3:34  Drone x3  
  31  3:36  Queen  
  33  4:10  Baneling x3  
  32  4:23  Zergling x2  
  32  4:24  Zergling x10  
  36  4:26  Zergling x4  
Show
View Real Time Build Order
Export as new Build Order

Alex Protoss - Winner!

Build Orders:  

Get SALT Encoding   

  12  0:02  Probe  
  13  0:14  Probe  
  13  0:18  Pylon  
  14  0:26  Probe  
  15  0:39  Gateway  
  15  0:42  Probe (Chrono Boost)  
  16  0:53  Assimilator  
  16  0:54  Probe (Chrono Boost)  
  17  1:00  Probe (Chrono Boost)  
  18  1:08  Probe  
  19  1:20  Probe  
  20  1:30  Cybernetics Core  
  20  1:32  Pylon  
  20  1:35  Pylon  
  20  1:39  Probe  
  21  1:42  Assimilator  
  21  1:48  Gateway  
  21  1:51  Probe  
  22  2:01  Warp Gate (Chrono Boost)  
  22  2:03  Probe  
  23  2:11  Stalker  
  25  2:15  Probe  
  25  2:19  Gateway  
  26  2:28  Probe  
  27  2:39  Gateway  
  27  2:40  Probe  
  28  2:52  Probe  
  29  3:04  Probe  
  30  3:16  Probe  
  31  3:22  Pylon  
  31  3:23  Pylon  
  31  3:25  Pylon  
  31  3:32  Pylon  
  31  3:37  Stalker x2  
  31  3:38  Stalker x2  
  39  4:02  Stalker x2  
  43  4:03  Stalker  
  41  4:21  Stalker  
  43  4:24  Gateway  
  41  4:39  Stalker  
  41  4:40  Stalker x2  
Show
View Real Time Build Order
Export as new Build Order

qqq Zerg 

Build Orders: Hatch First 

Get SALT Encoding   

  12  0:00  Drone  
  13  0:10  Drone  
  14  0:36  Hatchery  
  14  0:40  Drone  
  14  0:57  Spawning Pool  
  13  1:05  Overlord  
  13  1:09  Drone  
  14  1:25  Extractor, Drone x2  
  15  1:37  Drone  
  15  1:38  Drone  
  17  1:45  Queen  
  19  1:48  Drone  
  20  1:54  Drone  
  21  2:01  Drone  
  21  2:07  Queen  
  24  2:12  Drone  
  24  2:15  Drone  
  26  2:18  Drone  
  27  2:24  Overlord  
  27  2:31  Overlord  
  27  2:37  Metabolic Boost  
  27  2:51  Extractor  
  27  2:53  Drone x3  
  27  2:55  Zergling x6  
  32  3:00  Overlord  
  32  3:07  Baneling Nest  
  32  3:09  Zergling x2  
  32  3:13  Drone  
  32  3:15  Zergling x2  
  32  3:16  Zergling x2  
  35  3:27  Zergling x2  
  35  3:28  Zergling x2  
  35  3:29  Zergling x6  
  39  3:41  Zergling x2  
  39  3:42  Zergling x6  
  39  3:43  Overlord  
  34  4:04  Zergling x2  
  34  4:05  Zergling x8  
  32  4:10  Zergling x2  
  33  4:19  Zergling x2  
Show
View Real Time Build Order
Export as new Build Order

Massa Terran 

Build Orders:  

Get SALT Encoding   

  12  0:00  SCV  
  13  0:12  SCV  
  14  0:17  Supply Depot  
  14  0:25  SCV  
  15  0:38  SCV  
  15  0:40  Barracks  
  16  0:51  SCV  
  16  0:52  Supply Depot  
  17  1:03  SCV  
  18  1:28  Command Center  
  18  1:30  Marine  
  19  1:37  SCV  
  20  1:40  Refinery  
  20  1:45  Barracks  
  20  1:49  Marine  
  21  1:59  Orbital Command  
  21  2:10  Refinery  
  21  2:11  Marine  
  22  2:20  Bunker  
  22  2:25  SCV  
  23  2:34  Barracks Tech Lab  
  23  2:36  Barracks Reactor  
  23  2:40  Orbital Command  
  23  2:41  SCV  
  24  2:53  SCV, Marauder  
  27  3:03  Factory  
  27  3:05  SCV  
  28  3:10  Engineering Bay  
  28  3:13  SCV  
  28  3:17  SCV  
  30  3:20  Marine x2  
  30  3:24  Marine  
  30  3:25  SCV  
  34  3:29  SCV  
  35  3:36  Missile Turret  
  35  3:37  SCV  
  36  3:42  Marine  
  36  3:43  Marine x2  
  39  3:58  Hellion  
  39  4:01  Marauder, Marine x2  
  38  4:19  Hellion, Marine x2  
  38  4:22  Marauder  
  40  4:29  Barracks x2  
  40  4:30  Barracks  
Tags
 
Add a new tag
Caveats
  • Supply blocks, unpowered buildings, or Contaminate may cause inaccurate times.
  • Supply counts are checked every 10 seconds.